 Dungeon Crawl Stone Soup version 0.32-a0-643-ga006e7742e (console) character file.

Game seed: 9222244518976860821

1851635 elliptic the Conqueror (level 26, 242/242 HPs)
             Began as a Coglin Ice Elementalist on Mar 7, 2024.
             Was a High Priest of Okawaru.
             Escaped with the Orb
             ... and 3 runes!
             The game lasted 02:49:27 (55158 turns).

elliptic the Conqueror (Coglin Ice Elementalist)   Turns: 55158, Time: 02:49:27

Health: 242/242    AC: 21    Str: 10    XL:     26   Next: 99%
Magic:  33/33      EV: 40    Int: 19    God:    Okawaru [*****.]
Gold:   4823       SH:  0    Dex: 32    Spells: 24/29 levels left

rFire   + . .        a - +6 hand cannon (freeze) {norare}
rCold   . . .        b - +9 hand cannon (flame) {Ulric}
rNeg    + . .        N - +2 leather armour "Gyfaetzu" {Will+ Int-2 Slay+3, nodragon}
rPois   +            Q - +2 helmet {Int+3}
rElec   +            A - +2 ratskin cloak {*Rats rPois rN+ Str-1 Int-1 Dex+1}
rCorr   .            D - +2 pair of gloves of Chill Winds {Str+2 Int+4 Dex+3}
SInv    .            o - +2 pair of boots
Will    ++...        (amulet unavailable)
Stlth   +            (ring unavailable)
HPRegen 1.40/turn    (ring unavailable)
MPRegen 0.63/turn    v - dynamic gyroramjet {rElec rF+ Regen+ RegenMP+}

%: no passive effects
@: hasted (expiring), studying Ice Magic, very quick
A: off-hand wielding, slow wielding, warmup strikes, no jewellery, agile 1,
screaming 1, inability to drink after injury 1, MP-powered wands
0: Orb of Zot
}: 3/15 runes: decaying, serpentine, silver
a: Renounce Religion, Heroism, Finesse, Duel


You escaped.
You worshipped Okawaru.
Okawaru was extremely pleased with you.
You visited 11 branches of the dungeon, and saw 51 of its levels.
You also visited: Sewer and Ice Cave.

You collected 7018 gold pieces.
You spent 2195 gold pieces at shops.


Innate Abilities, Weirdness & Mutations

You can wield a second weapon in your off-hand.
It takes a long time for you to wield or remove held weapons.
Your first few attacks do less damage.
You cannot equip rings or amulets.
You are agile. (Dex +4, Str/Int -1)
You occasionally shout uncontrollably at your foes.
You occasionally lose the ability to drink potions when taking damage.
You expend magic power (3 MP) to strengthen your wands.


   Skills:
 O Level 27 Fighting
 - Level 18.0 Ranged Weapons
 - Level 14.2 Armour
 - Level 24.0 Dodging
 - Level 1.5 Stealth
 - Level 2.0 Spellcasting
 - Level 6.0 Ice Magic
 + Level 13.5 Invocations


You had 24 spell levels left.
You knew the following spells:

 Your Spells              Type           Power      Damage    Failure   Level
o - Ozocubu's Armour      Ice            24%        N/A       5%          3
v - Blink                 Tloc           2%         N/A       30%         2

Your spell library contained the following spells:

 Spells                   Type           Power      Damage    Failure   Level
 Freeze                   Ice            96%        1d10      1%          1
 Frozen Ramparts          Ice            48%        1d8       5%          3
 Ensorcelled Hibernation  Hex/Ice        26%        N/A       9%          2
 Kiss of Death            Conj/Necr      4%         2d5       21%         1
 Magic Dart               Conj           4%         1d3       21%         1
 Shock                    Conj/Air       4%         1d3       21%         1
 Slow                     Hex            4%         N/A       21%         1
 Sting                    Conj/Alch      4%         1d3       21%         1
 Lesser Beckoning         Tloc           2%         N/A       30%         2
 Mercury Vapours          Alch/Air       2%         N/A       30%         2
 Momentum Strike          Conj/Tloc      2%         3d8       30%         2
 Static Discharge         Conj/Air       2%         3-4/arc   30%         2
 Sublimation of Blood     Necr           1%         N/A       30%         2
 Confusing Touch          Hex            1%         N/A       52%         3
 Dazzling Flash           Conj/Hex       2%         N/A       52%         3
 Fugue of the Fallen      Necr           1%         N/A       52%         3
 Inner Flame              Hex/Fire       1%         N/A       52%         3
 Mephitic Cloud           Conj/Alch/Air  1%         N/A       52%         3
 Sigil of Binding         Hex            1%         N/A       52%         3
 Teleport Other           Tloc           1%         N/A       52%         3
 Vampiric Draining        Necr           1%         2d6       52%         3
 Volatile Blastmotes      Fire/Tloc      2%         2d10      52%         3
 Metabolic Englaciation   Hex/Ice        6%         N/A       86%         5
 Airstrike                Air            0%         2d(1-17)  90%         4
 Anguish                  Hex/Necr       0%         N/A       90%         4
 Cause Fear               Hex            0%         N/A       90%         4
 Dispel Undead            Necr           1%         3d6       90%         4
 Flame Wave               Conj/Fire      1%         2d4       90%         4
 Fulminant Prism          Conj/Alch      0%         3d5       90%         4
 Iskenderun's Mystic Bla  Conj/Tloc      1%         2d3       90%         4
 Leda's Liquefaction      Alch/Erth      0%         N/A       90%         4
 Manifold Assault         Tloc           1%         N/A       90%         4
 Olgreb's Toxic Radiance  Alch           1%         N/A       90%         4
 Petrify                  Alch/Erth      1%         N/A       90%         4
 Sticky Flame             Fire/Alch      1%         2d4       90%         4
 Vhi's Electric Charge    Tloc/Air       2%         N/A       90%         4
 Freezing Cloud           Conj/Ice/Air   4%         6-21      94%         5
 Alistair's Intoxication  Alch           0%         N/A       99%         5
 Arcjolt                  Conj/Air       0%         1d10      99%         5
 Curse of Agony           Necr           1%         N/A       99%         5
 Fireball                 Conj/Fire      0%         3d3       99%         5
 Irradiate                Conj/Alch      0%         3d11      99%         5
 Lee's Rapid Deconstruct  Erth           0%         3d4*      99%         5
 Silence                  Hex/Air        0%         N/A       99%         5
 Bombard                  Conj/Erth      0%         9d1       100%        6
 Dispersal                Tloc           0%         N/A       100%        6
 Eringya's Noxious Bog    Alch           0%         4d6       100%        6
 Enfeeble                 Hex            0%         N/A       100%        7
 Orb of Destruction       Conj           0%         9d5       100%        7
 Disjunction              Tloc           0%         N/A       100%        8
 Maxwell's Capacitive Co  Air            0%         death     100%        8
 Summon Ice Beast         Ice/Summ       Unusable   N/A       N/A         3
 Call Imp                 Summ           Unusable   N/A       N/A         2
 Martyr's Knell           Necr/Summ      Unusable   N/A       N/A         4
 Summon Blazeheart Golem  Fire/Summ      Unusable   N/A       N/A         4
 Summon Lightning Spire   Summ/Air       Unusable   N/A       N/A         4
 Death Channel            Necr           Unusable   N/A       N/A         6
 Haunt                    Necr/Summ      Unusable   N/A       N/A         7
 Spellforged Servitor     Conj/Summ      Unusable   N/A       N/A         7
 Infestation              Necr           Unusable   N/A       N/A         8
 Dragon's Call            Summ           Unusable   N/A       N/A         9

Inventory:

Hand Weapons
 a - a +6 hand cannon of freezing (weapon) {norare}
 b - a +9 hand cannon of flaming (offhand) {Ulric}
 E - the +0 sling "Lacertilianslayer" {speed, rN+ SInv}
   (You found it on level 3 of the Elven Halls)

   rN+:       It protects you from negative energy.
   SInv:      It lets you see invisible.
 G - a +6 hand cannon
Missiles
 F - 7 curare-tipped darts
 O - 4 throwing nets
Armour
 n - a +1 robe of resistance
 o - a +2 pair of boots (worn)
 A - the +2 ratskin cloak (worn) {*Rats rPois rN+ Str-1 Int-1 Dex+1}
   (You found it on level 5 of the Lair of Beasts)

   *Rats:     When the wearer is hurt, rats may emerge from it to assist them.
   Str-1:     It affects your strength (-1).
   Int-1:     It affects your intelligence (-1).
   Dex+1:     It affects your dexterity (+1).
   rPois:     It protects you from poison.
   rN+:       It protects you from negative energy.
 D - the +2 pair of gloves of Chill Winds (worn) {Str+2 Int+4 Dex+3}
   (Okawaru gifted it to you on level 1 of the Lair of Beasts)

   Str+2:     It affects your strength (+2).
   Int+4:     It affects your intelligence (+4).
   Dex+3:     It affects your dexterity (+3).
 M - quicksilver dragon scales
 N - the +2 leather armour "Gyfaetzu" (worn) {Will+ Int-2 Slay+3, nodragon}
   (You bought it in a shop on level 3 of the Elven Halls)

   Int-2:     It affects your intelligence (-2).
   Slay+3:    It affects your accuracy & damage with ranged weapons and melee
   (+3).
   Will+:     It increases your willpower.
 Q - a +2 helmet of intelligence (worn)
Gizmo
 v - a dynamic gyroramjet (installed) {rElec rF+ Regen+ RegenMP+}
   (You invented it yourself on level 5 of the Lair of Beasts)

   [dynamic gyroramjet]

   rF+:       It protects you from fire.
   rElec:     It insulates you from electricity.
   Regen+:    It increases your rate of health regeneration.
   RegenMP+:  It increases your rate of magic regeneration.
Wands
 e - a wand of light (13)
 g - a wand of polymorph (34)
 l - a wand of roots (40)
 r - a wand of flame (105)
 t - a wand of digging (19)
 z - a wand of mindburst (7)
Scrolls
 h - 2 scrolls of revelation
 i - 17 scrolls of teleportation
 k - 10 scrolls of poison
 p - 16 scrolls of immolation
 q - 5 scrolls of blinking
 w - 8 scrolls of amnesia
 y - 9 scrolls of fog
 H - 2 scrolls of vulnerability
 I - 5 scrolls of fear
Potions
 c - 9 potions of brilliance
 d - 6 potions of resistance
 f - 4 potions of berserk rage {!q}
 j - 19 potions of curing
 m - 6 potions of magic
 s - 5 potions of cancellation
 u - 8 potions of enlightenment
 x - 2 potions of ambrosia
 B - 6 potions of mutation {!q}
 C - 3 potions of haste
 J - 10 potions of heal wounds
 K - 2 potions of invisibility
 L - 6 potions of might
Miscellaneous
 P - a lightning rod (4/4)


Message History

The ynoxinul gestures.
A mysterious force pulls you upwards. The hatch slams shut behind you.
There is a stone staircase leading up here.
You climb upwards.
There is a stone staircase leading down here.
You shoot a slug. The endoplasm quivers.
The slug hits the endoplasm!
The slug freezes the endoplasm.
You kill the endoplasm!
You shoot a slug.
Things that are here:
a +0 robe; a +1 heavy scythe
There is an escape hatch in the ceiling here.
You feel yourself speed up. A mysterious force pulls you upwards.
The hatch slams shut behind you.
Aiming: Dig
Press: ? - help, Shift-Dir - straight line, f - you Please select a direction to dig.
This square is covered in magical glow.
You feel a surge of power!
The rock shatters into small pieces.
Magic restored.
A chaos spawn comes into view.
You shoot a slug. The slug barely misses the chaos spawn.
You shoot a slug. The chaos spawn roars!
The slug hits the chaos spawn!
The slug freezes the chaos spawn.
The chaos spawn is moderately wounded.
You shoot a slug. The slug hits the chaos spawn!!!
The slug burns the chaos spawn.
You kill the chaos spawn!
Okawaru accepts your kill.
The chaos spawn degenerates into a cloud of primal chaos!
You shoot a slug.
(D) Dungeon (T) Temple (L) Lair (S) Swamp (P) Snake Pit (M) Slime Pits (O) Orcish Mines (E) Elven Halls (V) Vaults (C) Crypt (W) Tomb (U) Depths (H) Hell (Z) Zot
Where to? (Tab/Enter - D:1 @ (x,y), ? - help)
Your extra speed is starting to run out.
There is a staircase leading out of the dungeon here.
You have escaped!

....%......##.#### #.#.........##
..#######.###..#####....#'####..#
### #..%....(......##...###..
####.........######.####. #######
#8.........8# #...... ......#
#...8...8...# ####### #####.#
#8.........8# #. #.#
##.........## #. #.# ####8@8####
#. #####.############# ##
.............# #####.######.#
.........# #.# #####.##.# #.# #
#.##.# #.# #####.##.# #.#
......##.# #.#


There were no monsters in sight!

Vanquished Creatures
  3 dread liches
  3 orbs of fire (Zot:5)
  Mara (Snake:3)
  Xtahua (Vaults:2)
  Boris (Crypt:2)
  Saint Roka (Depths:2)
  the Lernaean hydra (Swamp:4)
  Vashnia (Snake:3)
  A Killer Klown (Zot:5)
  Margery (Depths:3)
  3 curse toes
  14 golden dragons
  Jory (Crypt:2)
  A bone dragon (Crypt:3)
  Norris (Depths:1)
  A shard shrike zombie (Crypt:3)
  2 electric golems
  Rupert (D:12)
  A hellephant (Depths:3)
  2 liches (Crypt:3)
  22 Orb Guardians (Zot:5)
  2 walking crystal tomes (Depths:3)
  Zenata (Elf:1)
  Mlioglotl (Snake:4)
  9 tentacled monstrosities
  2 deep elf blademasters (Elf:3)
  Asterion (Vaults:3)
  5 quicksilver dragons
  4 titans
  A walking frostbound tome (Depths:3)
  9 sphinxes
  2 deep elf master archers (Elf:3)
  2 ancient champions
  4 death cobs
  Frances (Elf:1)
  Kirke (Elf:1)
  Aizul (Snake:1)
  Donald (Elf:1)
  3 tengu reavers
  4 revenants
  Roxanne (Snake:3)
  8 shadow dragons
  A fenstrider witch (Swamp:1)
  4 draconian knights
  8 storm dragons
  A draconian shifter (Depths:4)
  3 nagarajas (Snake:4)
  8 frost giants
  7 protean progenitors
  6 fire giants
  A ghost moth (Zot:5)
  10 deep elf sorcerers
  6 iron dragons
  3 deep elf elementalists (Elf:3)
  11 vault wardens
  A juggernaut zombie (Crypt:1)
  2 curse skulls (Crypt:2)
  A spectral caustic shrike (Crypt:2)
  A cacodemon (Depths:3)
  4 ghouls
  2 spriggan defenders (Depths:3)
  9 ironbound thunderhulks
  A draconian annihilator (Depths:4)
  2 broodmothers (Zot:3)
  2 juggernaut skeletons (Crypt:3)
  19 stone giants
  A caustic shrike skeleton (Crypt:2)
  5 orc warlords
  21 very ugly things
  6 vampire knights
  18 ironbound preservers
  3 green draconians
  A formless jellyfish (Vaults:3)
  10 deep elf demonologists
  A spectral titan (Crypt:2)
  3 eleionomae
  6 deep elf annihilators (Elf:3)
  A black draconian (Zot:3)
  10 deep elf death magi
  5 yellow draconians
  6 dire elephants
  Azrael (Snake:1)
  7 purple draconians
  4 bunyips
  5 war gargoyles
  4 spark wasps
  A red draconian (Zot:3)
  3 eidola
  11 ettins
  A blizzard demon (D:4)
  A green death (Depths:1)
  9 yaktaur captains
  4 crystal guardians
  2 deep elf high priests (Elf:3)
  6 great orbs of eyes
  A spectral spriggan (Crypt:2)
  8 fire dragons
  7 ice dragons
  Erolcha (Orc:1)
  6 jiangshi (Crypt:2)
  37 vault guards
  A juggernaut simulacrum (Crypt:2)
  A spriggan zombie (Crypt:3)
  4 peacekeepers
  5 spriggan air magi
  3 ogre magi
  18 hydras
  A ghost crab (Swamp:2)
  4 salamander tyrants (Snake:4)
  2 catoblepae
  9 two-headed ogres
  7 ironbound frosthearts
  Erica (Orc:1)
  3 rakshasas
  7 centaur warriors
  3 hell beasts (Crypt:2)
  7 boulder beetles
  A fenstrider witch skeleton (Crypt:2)
  41 dancing weapons
  4 anacondas
  4 satyrs
  2 spriggan skeletons (Crypt:2)
  3 death knights
  4 alligators
  A two-headed ogre (shapeshifter) (Vaults:5)
  A demonic crawler (Depths:2)
  12 tengu warriors
  3 deep troll shamans
  5 spriggan berserkers
  A bennu skeleton (Crypt:2)
  10 vampire magi
  An occultist (Depths:1)
  8 deep troll earth magi
  3 shock serpents
  10 naga sharpshooters
  14 naga warriors
  7 orc high priests
  Urug (Orc:1)
  11 hell knights
  5 hell hogs
  A sun demon (Depths:4)
  2 soul eaters
  27 deep elf knights
  6 shadow wraiths
  A sixfirhy (Zot:1)
  4 skysharks
  A titan skeleton (Crypt:2)
  21 skeletal warriors
  A spectral bunyip (Crypt:2)
  A storm dragon skeleton (Crypt:1)
  7 iron trolls
  3 salamander mystics
  3 goliath frogs
  5 mana vipers
  2 golden dragon zombies
  5 glowing orange brains
  7 flayed ghosts
  7 spriggan druids
  52 deep trolls
  A shadow dragon zombie (Crypt:2)
  An orb spider (shapeshifter) (Depths:2)
  2 shadow demons
  3 naga ritualists
  23 deep elf archers
  Pikel (D:6)
  8 harpies
  6 bog bodies
  21 ironbound convokers
  2 tengu zombies
  A deep troll (shapeshifter) (Depths:4)
  An obsidian statue (Zot:5)
  15 swamp dragons
  10 lindwurms
  A sea snake (shapeshifter) (Depths:1)
  5 arcanists
  28 deep elf zephyrmancers
  14 necromancers
  An anaconda skeleton (Crypt:2)
  15 phantasmal warriors
  12 manticores
  31 deep elf pyromancers
  20 ugly things
  27 orc knights
  3 will-o-the-wisps
  8 orc sorcerers
  A stone giant zombie (Vaults:2)
  A wolf spider (shapeshifter) (Depths:3)
  5 cyclopes
  19 salamanders
  A cyclops (shapeshifter) (Depths:2)
  2 tengu skeletons
  An ugly thing (shapeshifter) (Vaults:5)
  26 black mambas
  A centaur zombie (Crypt:2)
  5 elephants (Lair:5)
  9 moths of wrath
  6 kobold blastminers
  2 spectral centaurs (Crypt:2)
  3 dire elephant zombies
  3 meliai (D:14)
  An iron dragon skeleton (Crypt:2)
  A smoke demon (Depths:3)
  4 torpor snails
  15 naga magi
  2 centaur skeletons (Crypt:3)
  11 guardian serpents
  13 vault sentinels
  A green draconian zombie (Crypt:2)
  A hellion (Depths:4)
  2 eyes of devastation (shapeshifter)
  An alligator snapping turtle zombie (Crypt:2)
  A cane toad (shapeshifter) (Depths:3)
  An unseen horror zombie (Crypt:2)
  21 cane toads
  4 gargoyles
  3 kobold demonologists (D:11)
  14 komodo dragons
  An unseen horror (D:12)
  3 rime drakes
  9 freezing wraiths
  A human zombie (Vaults:2)
  An ice devil (Depths:2)
  A white draconian zombie (Crypt:1)
  9 trolls
  A yaktaur skeleton (Vaults:2)
  2 tormentors
  A pale draconian skeleton (Crypt:1)
  5 tengu conjurers
  A red devil (Zot:1)
  2 spectral harpies (Crypt:2)
  25 yaktaurs
  A harpy zombie (Crypt:3)
  9 tyrant leeches
  4 polar bears
  3 bloated husks
  7 hornets
  A shadow dragon simulacrum (Vaults:2)
  2 glass eyes (Depths:2)
  A wind drake (shapeshifter) (D:14)
  11 blink frogs
  A harpy skeleton (Crypt:3)
  A death drake skeleton (Crypt:1)
  An ettin zombie (Crypt:3)
  Prince Ribbit (D:5)
  4 dream sheep (Lair:1)
  A dream sheep (shapeshifter) (Vaults:5)
  An iron dragon simulacrum (Crypt:2)
  2 air elementals (Elf:1)
  Sigmund (D:2)
  5 vampires
  12 spriggans
  A shadow (D:10)
  43 slime creatures
  67 yaks
  2 water elementals
  A deep troll skeleton (Vaults:2)
  4 wraiths
  An ettin skeleton (Vaults:2)
  19 humans
  4 wyverns
  7 fire elementals
  3 hogs (Elf:1)
  5 basilisks
  2 steam dragons (D:6)
  10 vampire mosquitoes
  6 wargs
  2 chaos spawn
  37 nagas
  4 acid dragons
  16 swamp worms
  10 water moccasins
  Duvessa (D:5)
  5 hell hounds
  23 orc warriors
  A sky beast (D:6)
  30 laughing skulls
  3 black bears
  2 black bears (shapeshifter)
  A deep troll simulacrum (Vaults:2)
  8 swamp drakes (Swamp:4)
  An ice beast (D:5)
  9 ogres
  8 wolves
  4 boggarts
  7 centaurs
  An elephant skeleton (Crypt:1)
  2 phantoms (D:4)
  5 kobold brigands
  4 lemures (D:6)
  Blork the orc (D:5)
  A slime creature simulacrum (IceCv)
  24 bullfrogs
  A scorpion (D:6)
  3 earth elementals
  Dowan (D:5)
  A killer bee (D:9)
  6 howler monkeys
  2 electric eels
  A wolf skeleton (Crypt:2)
  4 hounds
  3 bombardier beetles
  2 jellies
  A black bear zombie (Crypt:2)
  17 orc priests
  An iguana (D:7)
  A sleepcap (D:6)
  Terence (D:3)
  Natasha (thrice) (D:2)
  20 orc wizards
  2 shapeshifter simulacra (IceCv)
  An ice beast zombie (Crypt:2)
  A naga zombie (Crypt:1)
  14 adders
  3 gnolls (D:5)
  12 white imps (D:12)
  An ufetubus (Vaults:4)
  An iguana skeleton (Crypt:1)
  16 dart slugs
  5 ribbon worms
  86 orcs
  A bat zombie (Crypt:1)
  15 endoplasms
  9 giant cockroaches
  10 goblins
  7 hobgoblins
  7 jackals
  7 quokkas
  17 ball pythons
  7 bats
  10 frilled lizards
  39 kobolds
  7 rats
  A river rat skeleton (Crypt:1)
  An aspiring flesh (Zot:5)
2144 creatures vanquished.

Vanquished Creatures (collateral kills)
  Menkaure (D:4)
1 creature vanquished.

Vanquished Creatures (others)
  A frost giant (Depths:2)
  2 deep elf knights
  8 foxfires
11 creatures vanquished.

Grand Total: 2156 creatures vanquished

Notes
Turn   | Place    | Note
-------+----------+-------------------------------------------
     0 | D:1      | elliptic the Coglin Ice Elementalist began the quest for
                  | the Orb.
     0 | D:1      | Reached XP level 1. HP: 13/13 MP: 3/3
    23 | D:1      | why
    23 | D:1      | this could be bad
   233 | D:1      | Reached XP level 2. HP: 15/19 MP: 1/4
   784 | D:1      | Reached XP level 3. HP: 11/24 MP: 0/5
   788 | D:1      | Learned a level 3 spell: Frozen Ramparts
  2985 | D:2      | Reached XP level 4. HP: 28/30 MP: 3/6
  3353 | D:2      | Identified the +8 war axe "Mauzeq" {flame, rC+ rN++}
  3355 | D:2      | um okay
  3635 | D:2      | Learned a level 3 spell: Ozocubu's Armour
  3713 | D:2      | Noticed Natasha
  3725 | D:2      | Noticed Sigmund
  3727 | D:2      | sigh
  3850 | D:3      | Reached XP level 5. HP: 32/35 MP: 4/8
  3921 | D:3      | Noticed Terence
  3922 | D:3      | hm
  3959 | D:3      | Killed Terence
  4200 | D:3      | Reached skill level 6 in Ice Magic
  4494 | D:4      | Reached skill level 1 in Fighting
  4494 | D:4      | Reached XP level 6. HP: 44/44 MP: 5/9
  4498 | D:4      | Reached skill level 2 in Fighting
  4892 | D:4      | Reached skill level 3 in Fighting
  4988 | D:4      | Found Ramowum's Book Emporium.
  5140 | D:4      | Noticed Menkaure
  5141 | D:4      | uh
  5154 | D:4      | hm that is not great
  5165 | D:4      | Killed Menkaure
  5166 | D:4      | Reached skill level 4 in Fighting
  5166 | D:4      | Reached XP level 7. HP: 55/55 MP: 10/10
  5501 | D:5      | Entered Level 5 of the Dungeon
  5501 | D:5      | Noticed Prince Ribbit
  5502 | D:5      | hm
  5507 | D:5      | Killed Prince Ribbit
  5508 | D:5      | Reached skill level 6 in Fighting
  5632 | D:5      | Found an ornate altar of the Wu Jian Council.
  5780 | D:4      | Reached skill level 3 in Dodging
  5780 | D:4      | Reached XP level 8. HP: 62/64 MP: 5/11
  5825 | D:5      | Found a glowing silver altar of Zin.
  5838 | D:5      | Noticed Blork the orc
  5839 | D:5      | why
  5845 | D:5      | Killed Blork the orc
  5925 | D:5      | Found a hazy altar of Hepliaklqana.
  5945 | D:5      | Noticed Dowan
  5945 | D:5      | Noticed Duvessa
  6170 | D:2      | Killed Natasha
  6221 | D:2      | Noticed Natasha
  6224 | D:2      | Killed Natasha
  6377 | D:2      | Noticed Natasha
  6382 | D:2      | Killed Natasha
  6485 | D:2      | Killed Sigmund
  6486 | D:2      | Reached skill level 7 in Fighting
  6740 | D:5      | hm
  6772 | D:5      | Killed Dowan
  6777 | D:5      | oh
  6777 | D:5      | HP: 10/68 [Duvessa/+0 short sword (9)]
  6778 | D:5      | Killed Duvessa
  6779 | D:5      | Reached skill level 8 in Fighting
  7001 | D:5      | Found a bloodstained altar of Trog.
  7006 | D:5      | hm
  7006 | D:5      | eh
  7095 | D:5      | hm
  7444 | D:5      | Reached XP level 9. HP: 74/74 MP: 8/12
  7505 | D:6      | hm
  7505 | D:6      | maybe
  7505 | D:6      | eh
  7562 | D:6      | Found a broken altar of Ashenzari.
  7564 | D:6      | Found a burning altar of Makhleb.
  7565 | D:6      | Found a stormy altar of Qazlal.
  7565 | D:6      | Found a snail-covered altar of Cheibriados.
  7565 | D:6      | Found a basalt altar of Yredelemnul.
  7635 | D:6      | Found a white marble altar of Elyvilon.
  7643 | D:6      | Became a worshipper of Elyvilon the Healer
  7657 | D:6      | Found a glowing drain.
  7684 | D:6      | Noticed Pikel
  7703 | D:6      | Killed Pikel
  7704 | D:6      | Reached skill level 3 in Ranged Weapons
  7771 | Sewer    | Entered a sewer
  8275 | D:6      | Found an ancient bone altar of Kikubaaqudgha.
  8277 | D:6      | Found a blossoming altar of Fedhas.
  8584 | D:6      | Found a staircase to the Ecumenical Temple.
  8655 | D:6      | Reached * piety under Elyvilon
  8662 | Temple   | Entered the Ecumenical Temple
  8668 | Temple   | Fell from the grace of Elyvilon
  8668 | Temple   | Became a worshipper of Warmaster Okawaru
  8796 | D:6      | Reached skill level 6 in Ranged Weapons
  9637 | D:7      | Reached XP level 10. HP: 61/82 MP: 9/13
  9706 | D:7      | Found a radiant altar of Vehumet.
 10091 | D:8      | Reached * piety under Okawaru
 10218 | D:7      | Found a shadowy altar of Dithmenos.
 10266 | D:7      | Reached skill level 1 in Invocations
 11092 | D:9      | Noticed a centaur warrior
 11309 | D:9      | Reached ** piety under Okawaru
 11462 | D:9      | Reached skill level 9 in Ranged Weapons
 11690 | D:9      | Reached skill level 9 in Fighting
 12168 | D:9      | Found Woemasarph's Weapon Boutique.
 12320 | D:9      | Found Peykkewo's One-of-a-Kind Rings.
 12351 | D:9      | Reached skill level 6 in Dodging
 12391 | D:9      | hi?
 12403 | D:9      | Killed a centaur warrior
 12404 | D:9      | Reached skill level 3 in Invocations
 12404 | D:9      | Reached XP level 11. HP: 69/89 MP: 8/14
 12483 | D:9      | Reached *** piety under Okawaru
 12538 | D:10     | Entered Level 10 of the Dungeon
 12641 | D:10     | Reached skill level 10 in Fighting
 12659 | D:10     | hm
 12987 | D:10     | Noticed a two-headed ogre
 13005 | D:10     | Killed a two-headed ogre
 13170 | D:10     | Reached **** piety under Okawaru
 13627 | D:10     | Found a staircase to the Lair.
 14085 | D:10     | Found a staircase to the Orcish Mines.
 14778 | D:11     | Noticed a two-headed ogre
 14789 | D:11     | Killed a two-headed ogre
 14816 | D:11     | Noticed a boulder beetle
 14829 | D:11     | Killed a boulder beetle
 14829 | D:11     | Reached ***** piety under Okawaru
 14831 | D:11     | Found the +6 shillelagh "Devastator" {shatter}
 14833 | D:11     | Noticed a two-headed ogre
 14855 | D:11     | Killed a two-headed ogre
 14855 | D:11     | Received a gift from Okawaru
 14874 | D:11     | Reached XP level 12. HP: 68/97 MP: 5/15
 14996 | D:11     | oh
 15223 | D:11     | why
 15223 | D:11     | sigh
 15384 | D:11     | Noticed a boulder beetle
 15393 | D:11     | Killed a boulder beetle
 15394 | D:11     | Reached skill level 12 in Ranged Weapons
 15610 | D:11     | Found a shimmering altar of Xom.
 15939 | D:12     | meh
 15940 | D:12     | meh
 16379 | D:12     | Found a frozen archway.
 16388 | D:12     | eh
 16389 | IceCv    | Entered an ice cave
 16398 | IceCv    | can't kill most things here sadly
 16414 | IceCv    | Noticed a quicksilver ooze
 16429 | IceCv    | Noticed a quicksilver ooze
 16430 | IceCv    | ugh
 16436 | IceCv    | :(
 16712 | D:12     | Received a gift from Okawaru
 17335 | D:12     | Noticed Rupert
 17336 | D:12     | no
 17484 | Lair:1   | Entered Level 1 of the Lair of Beasts
 18376 | Lair:1   | Reached XP level 13. HP: 57/103 MP: 8/16
 18586 | Lair:1   | Reached ****** piety under Okawaru
 18586 | Lair:1   | Received a gift from Okawaru
 18587 | Lair:1   | Acquired a +5 hand cannon of freezing
 18587 | Lair:1   | Received a gift from Okawaru
 18599 | Lair:1   | Acquired the +2 pair of gloves of Chill Winds {Str+2 Int+4
                  | Dex+3}
 18599 | Lair:1   | Received a gift from Okawaru
 19186 | Lair:2   | Reached skill level 6 in Invocations
 19403 | Lair:2   | Found a staircase to the Snake Pit.
 19886 | Lair:2   | Received a gift from Okawaru
 19942 | Lair:3   | Found a burning altar of Makhleb.
 19974 | Lair:3   | Reached skill level 9 in Dodging
 20086 | Lair:3   | Reached skill level 11 in Fighting
 20221 | Lair:3   | Found a staircase to the Swamp.
 20225 | Lair:3   | ow
 20225 | Lair:3   | hm
 21006 | Lair:4   | Received a gift from Okawaru
 21675 | Lair:5   | Entered Level 5 of the Lair of Beasts
 21684 | Lair:5   | Reached XP level 14. HP: 114/114 MP: 18/18
 21684 | Lair:5   | Acquired a dynamic gyroramjet {rElec rF+ Regen+ RegenMP+}
 21685 | Lair:5   | Upgraded the game from 0.32-a0-630-g46d191b0ed to
                  | 0.32-a0-643-ga006e7742e
 21736 | Lair:5   | Reached skill level 12 in Fighting
 21873 | Lair:5   | Received a gift from Okawaru
 21972 | Lair:5   | Reached skill level 1 in Armour
 22046 | Lair:5   | Reached skill level 3 in Armour
 22165 | Lair:5   | Received a gift from Okawaru
 22445 | Lair:5   | Found the +2 ratskin cloak {*Rats rPois rN+ Str-1 Int-1
                  | Dex+1}
 22475 | Lair:5   | Identified the ring "Jualal" {^Drain rElec Dex+5 SInv}
 22683 | Lair:5   | Found a viscous altar of Jiyva.
 22683 | Lair:5   | Found a staircase to the Slime Pits.
 23011 | D:12     | Paralysed by Rupert for 2 turns
 23018 | D:12     | Paralysed by Rupert for 5 turns
 23032 | D:12     | Killed Rupert
 23131 | Orc:1    | Entered Level 1 of the Orcish Mines
 23131 | Orc:1    | Noticed Erolcha
 23136 | Orc:1    | Killed Erolcha
 23207 | Orc:1    | Found Bieduos's Gadget Gallery.
 23322 | Orc:2    | Entered Level 2 of the Orcish Mines
 23331 | Orc:2    | Received a gift from Okawaru
 23472 | Orc:2    | Found a staircase to the Elven Halls.
 23573 | Orc:1    | Noticed Urug
 23582 | Orc:1    | Killed Urug
 23654 | Orc:1    | Reached skill level 13 in Fighting
 23721 | Orc:1    | Noticed Erica
 23725 | Orc:1    | Killed Erica
 23763 | Orc:1    | Reached XP level 15. HP: 123/123 MP: 21/21
 24162 | Orc:2    | Received a gift from Okawaru
 24200 | Orc:2    | Reached skill level 12 in Dodging
 24205 | Orc:2    | Found Teusabiq's Antique Weapon Boutique.
 24205 | Orc:2    | Found Fygixt's Distillery.
 24206 | Orc:2    | Found Diseumpa's Weapon Shoppe.
 24206 | Orc:2    | Found Alapn's Antique Weapon Shoppe.
 24233 | Orc:2    | Bought a glowing sling for 144 gold pieces
 24636 | D:13     | Identified the +7 hand axe of the Nexus {freeze, Str+4
                  | Int+3}
 25116 | D:13     | Identified the +0 leather armour "Moob" {rC+ rN+}
 25395 | D:14     | Found an ancient bone altar of Kikubaaqudgha.
 25488 | D:14     | Reached skill level 14 in Fighting
 25628 | D:14     | Received a gift from Okawaru
 25688 | D:14     | Found a gate to the Vaults.
 25886 | D:14     | Reached skill level 15 in Ranged Weapons
 26579 | D:14     | Found an ancient bone altar of Kikubaaqudgha.
 26700 | D:15     | Entered Level 15 of the Dungeon
 26996 | D:15     | Received a gift from Okawaru
 27225 | D:15     | Found a staircase to the Depths.
 27446 | D:15     | Found Rykhin's Blood Bar.
 27772 | Snake:1  | Entered Level 1 of the Snake Pit
 27774 | Snake:1  | Identified the serpent talisman of Ovoig {rElec rF- rCorr}
 27774 | Snake:1  | Noticed Aizul
 27791 | Snake:1  | Killed Aizul
 27792 | Snake:1  | Reached XP level 16. HP: 107/133 MP: 20/22
 27794 | Snake:1  | Received a gift from Okawaru
 27801 | Snake:1  | Noticed Azrael
 27805 | Snake:1  | Killed Azrael
 28200 | Snake:1  | Learned a level 2 spell: Blink
 28222 | Snake:1  | Received a gift from Okawaru
 28737 | Snake:2  | eh
 29330 | Snake:3  | Found Noynlovi's Antique Weapon Boutique.
 29418 | Snake:3  | Reached skill level 18 in Ranged Weapons
 29493 | Snake:3  | Received a gift from Okawaru
 29500 | Snake:3  | Noticed Mara
 29510 | Snake:3  | Noticed elliptic's illusion
 29537 | Snake:3  | Noticed elliptic's illusion
 29539 | Snake:3  | Killed Mara
 29540 | Snake:3  | Reached skill level 9 in Invocations
 29653 | Snake:3  | Gained mutation: You occasionally shout uncontrollably at
                  | your foes. [potion of mutation]
 29653 | Snake:3  | Gained mutation: You are agile. (Dex +4, Str/Int -1)
                  | [potion of mutation]
 29706 | Snake:3  | Reached XP level 17. HP: 135/139 MP: 24/24
 29925 | Snake:3  | Noticed Roxanne
 29933 | Snake:3  | Noticed Vashnia
 29945 | Snake:3  | Killed Vashnia
 30144 | Snake:3  | Killed Roxanne
 30158 | Snake:4  | Entered Level 4 of the Snake Pit
 30251 | Snake:4  | Noticed Mlioglotl
 30266 | Snake:4  | Killed Mlioglotl
 30566 | Snake:4  | Received a gift from Okawaru
 30596 | Snake:4  | Found Haetokete's Book Boutique.
 31098 | Snake:4  | Noticed a quicksilver dragon
 31107 | Snake:4  | Killed a quicksilver dragon
 31107 | Snake:4  | Received a gift from Okawaru
 31108 | Snake:4  | Reached skill level 15 in Fighting
 31108 | Snake:4  | hm maybe
 31279 | Snake:4  | Got a serpentine rune of Zot
 31449 | Swamp:1  | Entered Level 1 of the Swamp
 31696 | Swamp:1  | Reached skill level 6 in Armour
 31948 | Swamp:2  | Noticed a tentacled monstrosity
 31953 | Swamp:2  | Killed a tentacled monstrosity
 32675 | Swamp:3  | Received a gift from Okawaru
 32683 | Swamp:3  | Reached XP level 18. HP: 149/149 MP: 25/25
 33025 | Swamp:4  | Entered Level 4 of the Swamp
 33129 | Swamp:4  | Reached skill level 9 in Armour
 33723 | Swamp:4  | Received a gift from Okawaru
 33760 | Swamp:4  | Noticed the 27-headed Lernaean hydra
 33772 | Swamp:4  | Killed the 27-headed Lernaean hydra
 33843 | Swamp:4  | Got a decaying rune of Zot
 34464 | Elf:1    | Entered Level 1 of the Elven Halls
 34485 | Elf:1    | Noticed Frances
 34513 | Elf:1    | Killed Frances
 34542 | Elf:1    | Noticed Zenata
 34555 | Elf:1    | Killed Zenata
 34649 | Elf:1    | Noticed Kirke
 34658 | Elf:1    | Killed Kirke
 34659 | Elf:1    | Reached skill level 12 in Armour
 34664 | Elf:1    | Received a gift from Okawaru
 34827 | Elf:1    | Noticed Donald
 34832 | Elf:1    | Killed Donald
 35223 | Elf:1    | why
 35539 | Elf:1    | Reached XP level 19. HP: 118/155 MP: 26/26
 35560 | Elf:1    | Received a gift from Okawaru
 35623 | Elf:1    | Found a corrupted altar of Lugonu.
 35629 | Elf:1    | Found a roughly hewn altar of Beogh.
 36603 | Elf:2    | Received a gift from Okawaru
 36642 | Elf:2    | Found a runed translucent gate.
 36642 | Elf:2    | Found a runed translucent gate.
 36643 | Elf:2    | Found a runed translucent gate.
 36681 | Elf:2    | Reached skill level 16 in Fighting
 36774 | Elf:2    | Received a gift from Okawaru
 37063 | Elf:3    | Entered Level 3 of the Elven Halls
 37145 | Elf:3    | Found Wiykopni's General Store.
 37145 | Elf:3    | Found Vanahas's Antique Armour Shoppe.
 37150 | Elf:3    | Found Vooddoplup's Jewellery Emporium.
 37156 | Elf:3    | Bought a jewelled leather armour for 231 gold pieces
 37156 | Elf:3    | Identified the +2 leather armour "Gyfaetzu" {Will+ Int-2
                  | Slay+3} (You bought it in a shop on level 3 of the Elven
                  | Halls)
 37156 | Elf:3    | not bad
 37620 | Elf:3    | Found a radiant altar of Vehumet.
 37753 | Elf:3    | Reached XP level 20. HP: 166/166 MP: 24/27
 37766 | Elf:3    | Received a gift from Okawaru
 37771 | Elf:3    | Reached skill level 15 in Dodging
 37796 | Elf:3    | Reached skill level 17 in Fighting
 37889 | Elf:3    | Found the +11 plutonium sword {^Contam Stlth-}
 37903 | Elf:3    | Received a gift from Okawaru
 37993 | Elf:3    | Identified the staff of Mashing Disembowelment {rPois Int+3
                  | Alchemy}
 38050 | Elf:3    | Got the Notes on Geometric Prima Materia
 38053 | Elf:3    | Got the Tome of the Lofty Autopsy
 38056 | Elf:3    | Got Luicsaokk's Opusculum on Fermentation and Glaciation
 38058 | Elf:3    | Identified the blade talisman of Fashionability {rF+ Will++
                  | Dex+3}
 38061 | Elf:3    | Identified the +0 sling "Lacertilianslayer" {speed, rN+
                  | SInv}
 38063 | Elf:3    | probably?
 38075 | Elf:3    | Identified the +7 dagger of Ymnadd {speed, rCorr}
 38082 | Elf:3    | Identified the +7 scimitar "Goblinslayer" {freeze, Int+4}
 38129 | Elf:3    | Identified the ring "Pozoirch" {rPois rCorr Str-3 Dex+6
                  | SInv}
 38399 | Vaults:1 | Entered Level 1 of the Vaults
 38542 | Vaults:1 | Found Haab's Antique Armour Shoppe.
 38550 | Vaults:1 | Bought a brightly glowing robe for 153 gold pieces
 38550 | Vaults:1 | Identified the +0 robe of the Great Game {rF+} (You bought
                  | it in a shop on level 1 of the Vaults)
 38562 | Vaults:1 | Found Pucaqaz's Book Shoppe.
 38579 | Vaults:1 | Found Nuvemeat's Book Emporium.
 38827 | Vaults:1 | Received a gift from Okawaru
 38834 | Vaults:1 | Reached skill level 18 in Fighting
 38837 | Vaults:1 | Found Ifeuthub's Antique Weapon Shop.
 38837 | Vaults:1 | Found Loiciluo's Magic Scroll Boutique.
 38841 | Vaults:1 | Bought a scroll of fear for 48 gold pieces
 38847 | Vaults:1 | Bought a warped sling for 123 gold pieces
 38847 | Vaults:1 | Identified the +4 sling of Pymucy {flame, Str+3} (You
                  | bought it in a shop on level 1 of the Vaults)
 39069 | Vaults:1 | Found a roughly hewn altar of Beogh.
 39080 | Vaults:1 | Identified the +5 hand axe "Anne Zaz" {flame, Str+2}
 39267 | Vaults:1 | Received a gift from Okawaru
 39362 | Vaults:1 | Reached XP level 21. HP: 178/178 MP: 28/28
 40147 | Vaults:2 | Received a gift from Okawaru
 40156 | Vaults:2 | Reached skill level 19 in Fighting
 40258 | Vaults:2 | Identified the +3 shortbow of Misery {heavy, *Corrode rPois
                  | rN++ Int+2}
 40489 | Vaults:2 | Noticed Xtahua
 40509 | Vaults:2 | Killed Xtahua
 40636 | Vaults:2 | Received a gift from Okawaru
 41064 | Vaults:3 | Noticed Asterion
 41072 | Vaults:3 | Killed Asterion
 41323 | Vaults:3 | Received a gift from Okawaru
 41593 | Vaults:3 | Found a staircase to the Crypt.
 41744 | Vaults:3 | Reached skill level 18 in Dodging
 41830 | Vaults:3 | Reached skill level 20 in Fighting
 42138 | Vaults:4 | Identified the +4 ring mail of Koute {Fly rPois Int-5
                  | Slay-6}
 42183 | Vaults:4 | Received a gift from Okawaru
 42263 | Vaults:4 | Reached XP level 22. HP: 149/190 MP: 24/29
 42739 | Vaults:4 | Received a gift from Okawaru
 42832 | Vaults:4 | Found the +9 sword of Power {lifebolt}
 43096 | Vaults:4 | Found Iqudalu's Jewellery Shoppe.
 43319 | Crypt:1  | Entered Level 1 of the Crypt
 43616 | Crypt:1  | Reached skill level 21 in Fighting
 43664 | Crypt:1  | Received a gift from Okawaru
 44091 | Crypt:2  | Identified the +3 robe of the Devil's Team {Str+3}
 44091 | Crypt:2  | Noticed Boris
 44105 | Crypt:2  | Killed Boris
 44461 | Crypt:2  | Received a gift from Okawaru
 44518 | Crypt:2  | Reached XP level 23. HP: 202/202 MP: 30/30
 44554 | Crypt:2  | Noticed Jory
 44566 | Crypt:2  | Killed Jory
 44591 | Crypt:2  | Found a basalt altar of Yredelemnul.
 44962 | Crypt:1  | Found a basalt altar of Yredelemnul.
 45105 | Crypt:3  | Entered Level 3 of the Crypt
 45111 | Crypt:3  | Reached skill level 22 in Fighting
 45148 | Crypt:3  | Received a gift from Okawaru
 45397 | Crypt:3  | Found a staircase to the Tomb.
 45652 | Crypt:3  | Identified the +7 lajatang "Tarriz" {antimagic, rN++ Int-4}
 45656 | Crypt:3  | Got the Incunabulum of Skeletons
 45828 | Crypt:3  | Reached skill level 12 in Invocations
 45848 | Crypt:3  | Noticed a dread lich
 45856 | Crypt:3  | Killed a dread lich
 45856 | Crypt:3  | Received a gift from Okawaru
 45865 | Crypt:3  | Found an ancient bone altar of Kikubaaqudgha.
 46295 | Depths:1 | Entered Level 1 of the Depths
 46409 | Depths:1 | Noticed Norris
 46423 | Depths:1 | Killed Norris
 46660 | Depths:1 | Found Noblo's Jewellery Shop.
 46662 | Depths:1 | Found Wisetad's Book Shoppe.
 46663 | Depths:1 | Found Zichacw's Jewellery Shop.
 46818 | Depths:1 | Found a one-way gate to the infinite horrors of the Abyss.
 47041 | Depths:1 | Found a gateway to Hell.
 47341 | Depths:2 | Noticed Saint Roka
 47350 | Depths:2 | Killed Saint Roka
 47360 | Depths:2 | Received a gift from Okawaru
 47536 | Depths:2 | Reached XP level 24. HP: 181/212 MP: 32/32
 47608 | Depths:2 | Found Wuhu's Antique Weapon Shoppe.
 47741 | Depths:2 | Received a gift from Okawaru
 47759 | Depths:2 | Reached skill level 23 in Fighting
 47761 | Depths:2 | Reached skill level 21 in Dodging
 48420 | Depths:2 | Found a one-way gate leading to the halls of Pandemonium.
 48553 | Depths:3 | Noticed Margery
 48563 | Depths:3 | Killed Margery
 48692 | Depths:3 | Received a gift from Okawaru
 48791 | Depths:3 | Found a one-way gateway to a ziggurat.
 48961 | Depths:3 | Noticed Vv
 49000 | Depths:3 | Acquired a staff of earth
 49489 | Depths:3 | Identified the +5 falchion of Doom {pain, rC+ rCorr Int+3
                  | Stlth+}
 49792 | Depths:4 | Entered Level 4 of the Depths
 49801 | Depths:4 | Reached skill level 24 in Fighting
 49813 | Depths:3 | Received a gift from Okawaru
 50061 | Depths:4 | Found a gate to the Realm of Zot.
 50076 | Depths:4 | Reached XP level 25. HP: 224/224 MP: 31/32
 50847 | Vaults:5 | Entered Level 5 of the Vaults
 50858 | Vaults:5 | Noticed a dread lich
 50861 | Vaults:5 | Killed a dread lich
 50911 | Vaults:5 | do I want that
 50911 | Vaults:5 | probably
 50948 | Vaults:5 | Reached skill level 25 in Fighting
 51018 | Vaults:5 | Received a gift from Okawaru
 51192 | Vaults:5 | why
 51305 | Vaults:1 | Bought a scroll of enchant weapon for 90 gold pieces
 51471 | Vaults:5 | Received a gift from Okawaru
 51481 | Vaults:5 | Reached skill level 26 in Fighting
 51762 | Vaults:5 | Identified the +5 scale mail of Ekayxuotte {rN+}
 51784 | Vaults:5 | Identified the +1 ring mail "Etanoff" {rC+ Dex+3}
 51796 | Vaults:5 | Identified the +5 chain mail of Ejo Lukk {Slay+4}
 51799 | Vaults:5 | Identified the +1 robe of Nesh {rElec Int+3}
 51958 | Vaults:5 | Got a silver rune of Zot
 52071 | Vaults:5 | Received a gift from Okawaru
 52351 | Vaults:5 | Identified the ring of Music {+Blink Str+6 Int+3 Dex+4}
 52388 | Vaults:5 | Identified the +3 buckler of Light {Stlth+}
 52409 | Vaults:5 | Identified the +1 helmet "Leoh" {Str+3 Dex-5 SInv}
 52748 | Orc:1    | Bought a lightning rod (4/4) for 680 gold pieces
 52799 | Orc:2    | Bought a potion of haste for 150 gold pieces
 52799 | Orc:2    | Bought a potion of cancellation for 120 gold pieces
 52799 | Orc:2    | Bought a potion of cancellation for 120 gold pieces
 52799 | Orc:2    | Bought a potion of mutation for 120 gold pieces
 52799 | Orc:2    | Bought a potion of resistance for 150 gold pieces
 52893 | Elf:3    | Bought a potion of curing for 33 gold pieces
 52893 | Elf:3    | Bought a potion of curing for 33 gold pieces
 53235 | Zot:1    | Entered Level 1 of the Realm of Zot
 53236 | Zot:1    | Noticed an electric golem
 53244 | Zot:1    | Killed an electric golem
 53271 | Zot:1    | Reached skill level 27 in Fighting
 53384 | Zot:1    | Reached XP level 26. HP: 242/242 MP: 32/32
 53523 | Zot:3    | Received a gift from Okawaru
 53835 | Zot:5    | Entered Level 5 of the Realm of Zot
 53903 | Zot:5    | Received a gift from Okawaru
 54432 | Zot:5    | Noticed a dread lich
 54444 | Zot:5    | Killed a dread lich
 54474 | Zot:5    | Noticed an orb of fire
 54476 | Zot:5    | Gained mutation: You expend magic power (3 MP) to
                  | strengthen your wands. [an orb of fire]
 54486 | Zot:5    | Killed an orb of fire
 54487 | Zot:5    | Reached skill level 24 in Dodging
 54487 | Zot:5    | Noticed an orb of fire
 54490 | Zot:5    | Gained mutation: You occasionally lose the ability to drink
                  | potions when taking damage. [an orb of fire]
 54494 | Zot:5    | Killed an orb of fire
 54494 | Zot:5    | Received a gift from Okawaru
 54497 | Zot:5    | Noticed an electric golem
 54502 | Zot:5    | Killed an electric golem
 54504 | Zot:5    | Noticed an orb of fire
 54508 | Zot:5    | Killed an orb of fire
 54508 | Zot:5    | Noticed a Killer Klown
 54513 | Zot:5    | Killed a Killer Klown
 54570 | Zot:5    | Got the Orb of Zot
 54588 | Zot:5    | Noticed an electric golem
 54588 | Zot:5    | Noticed an orb of fire
 54588 | Zot:5    | Noticed an ancient lich
 54589 | Zot:5    | Noticed a dread lich
 54648 | Zot:2    | Noticed Fyulehe the pandemonium lord
 54677 | Zot:1    | Noticed Kucaoz the pandemonium lord
 54829 | Depths:1 | eh
 55085 | D:4      | Received a gift from Okawaru
 55099 | D:4      | Noticed Dotawn the pandemonium lord
 55158 | D:$      | Escaped with the Orb!

Levels and vault maps discovered:
D:1:      mrwooster_arrival_statue_2, layout_basic, minmay_door_square,
          minmay_split_cup_large
D:2:      layout_basic, uniq_sigmund, uniq_natasha
D:3:      layout_rooms, uniq_terence
D:4:      layout_loops_ring, serial_shops, nicolae_shop_advertising_works
          [nicolae_subvault_shop_adworks], serial_glass, glass_columns_a,
          glass_columns_b, glass_columns_a, glass_columns_a, glass_columns_c,
          glass_columns_a, glass_columns_b, glass_columns_c,
          due_unseen_surprise, item_on_display_a, st_stairs_11, uniq_menkaure
D:5:      layout_layer_cave, overflow_temple_1_default,
          nzn_hepliaklqana_mist_gate, trog_book, nzn_wu_jian_contemplation,
          nicolae_titane, uniq_blork_the_orc, uniq_duvessa, uniq_prince_ribbit1
D:6:      kennysheep_steamy, layout_basic,
          grunt_temple_overflow_growth_and_decay, grunt_temple_overflow_open,
          overflow_temple_1_default, minmay_temple_entry_trees,
          portal_sewer_entry_a, columned_hall_lemuel, uniq_pikel
D:7:      layout_cave_pools, lemuel_round_altar, nicolae_overflow_hidden_temple
D:8:      layout_rooms, special_room [special_room_orc], st_stairs_9
D:9:      minmay_opposing_rooms, layout_gridville, serial_shops,
          kennysheep_little_box, nicolae_shop_unique_rings,
          kennysheep_generic_room_6
D:10:     layout_basic, lair_entry_dummy, david_orc_4
D:11:     layout_irregular_city, nrook_loot_triangle, roderic_nine_men_s_morris,
          regret_index_xom_buried_treasure, dilly_guarded_unrand_devastator
D:12:     layout_basic, portal_ice_cave_entry_imps, uniq_rupert
D:13:     layout_loops_corners
D:14:     layout_loops_corners, grunt_vaults_entry_tiered, lemuel_crystal_altar
D:15:     hangedman_depths_entry_civil_slaughter, layout_stronghold,
          serial_column_ruins, column_ruins_pillar_3, column_ruins_pillar_1,
          column_ruins_pillar_2, column_ruins_pillar_9, column_ruins_pillar_9,
          column_ruins_pillar_8, column_ruins_pillar_4, column_ruins_pillar_1,
          column_ruins_pillar_6, column_ruins_pillar_2, column_ruins_pillar_3,
          column_ruins_pillar_11, column_ruins_pillar_5, guppyfry_shop_blood
Temple:   hellmonk_temple_two_chambers
Lair:1:   hellmonk_ruined_rings, layout_cave_shapes, beast_lair_carwin_3
Lair:2:   layout_cave_pods, alex1729_snake_entry_snake, serial_bayou,
          serial_bayou_lagoon_a, serial_bayou_ford_a, serial_bayou_crossing,
          serial_bayou_pond_d
Lair:3:   layout_roguey, minmay_swamp_entry_worms, basic_altar,
          grunt_forest_stairs_clearing
Lair:4:   layout_cave_pods, grunt_megastairs_5
Lair:5:   minmay_lair_end_frog_pond, layout_loops_ring,
          dpeg_slime_entry_enclosed, infiniplex_staircase_pool_2,
          grunt_megastairs_3, serial_bayou_shore_b
Swamp:1:  layout_basic_swamp, evilmike_swamp_ruin_house_6
Swamp:2:  layout_basic_swamp, evilmike_swamp_ruin_house_2
Swamp:3:  layout_basic_swamp, evilmike_swamp_ruin_house_5
Swamp:4:  swamp_old_school, layout_basic_swamp, swamp_pool_3,
          nicolae_swamp_triple_paths, infiniplex_staircase_pool
Snake:1:  layout_basic, grunt_megastairs_4, uniq_aizul, uniq_azrael
Snake:2:  layout_misc_corridors, st_stairs_10, drop_trap,
          nicolae_coiled_stairwell_up
Snake:3:  layout_rooms, serial_shops, shop, nicolae_integral_box, uniq_roxanne,
          uniq_mara, uniq_vashnia
Snake:4:  hellmonk_snake_rune_quicksilver_temple, layout_cave_pods,
          serial_shops, nicolae_shop_tiny_statue_garden, uniq_mlioglotl
Orc:1:    layout_caves, nicolae_shop_gadgets, uniq_erolcha, uniq_erica,
          uniq_urug
Orc:2:    st_orc_elflike, layout_caves, blackcustard_rock_pile
Elf:1:    layout_loops_corners, nicolae_elf_theology_debate, grunt_megastairs_1,
          uniq_kirke, uniq_donald, uniq_zenata, uniq_frances
Elf:2:    nicolae_elf_blades_splatter_lattice [infiniplex_blade_entry_pillars],
          layout_geoelf_octagon
Elf:3:    elf_hall, layout_geoelf_diagonals, basic_altar, minmay_shop_star
Vaults:1: vaults_dpeg_emergency_exit, nicolae_vaults_network_barrier,
          lightli_church_of_beogh, nicolae_vaults_three_branches,
          nicolae_vaults_shrinking_rooms_2, nicolae_vaults_theta,
          nicolae_vaults_closet_pinwheel_3, hangedman_vaults_stagger,
          ontoclasm_vaults_misaligned, vaults_standard_mumra_x,
          layout_vaults_big_cross, serial_shops,
          nicolae_shop_overgrown_old_shop, shop, shop, nicolae_shop_statue_plus,
          shop
Vaults:2: vaults_mumra_hexcomb, vaults_dpeg_cross,
          nicolae_vaults_network_periphery,
          nicolae_vaults_offset_grid_hallway_2, v_rooms_6, vaults_room_pool,
          v_pattern_2, v_alt_pattern_6, hangedman_vaults_stretched_pinwheel,
          grunt_vaults_trifunnel, hangedman_vaults_corner_blocks,
          layout_vaults_maze_bifur, uniq_xtahua
Vaults:3: hangedman_vaults_corner_blocks, lightli_orcish_oven,
          ontoclasm_vaults_decontamination, nicolae_vaults_diffraction_hallways,
          nicolae_vaults_trapezoid_2, blue_anna_dwarven_crypt, vaults_dpeg_ring,
          vaults_standard_mumra_lines, layout_vaults_omnigrid, uniq_asterion
Vaults:4: nicolae_vaults_specimen_jars, nicolae_vaults_bisected_exclaves,
          nicolae_vaults_spaceships, nicolae_vaults_steering_wheel,
          nicolae_vaults_trapezoid_3, serial_ice_b, v_misc_14, v_misc_3,
          v_misc_30, minmay_guarded_unrand_sword_of_power,
          nicolae_vaults_tetromino_L_1, nicolae_vaults_ninety_degrees,
          nicolae_vaults_cochlea, layout_vaults_omnibox, serial_shops,
          nicolae_shop_gaudy_bauble
Vaults:5
Crypt:1:  layout_gridlike, lemuel_upstairs_altar
Crypt:2:  lemuel_vampire_tower, layout_misc_corridors, uniq_boris
Crypt:3:  cryptofortress_bobbens
Depths:1: layout_gridlike, minmay_splitting_lines, hangedman_tar_grid_catacomb,
          hangedman_abyss_entry_splay, chequers_serial_rivers_micro_b,
          kilobyte_rumbling_trees, minmay_shop_grove, firewood_loft,
          serial_bayou_shore_b, uniq_norris
Depths:2: nzn_winding_woodlands_large [nzn_winding_woodlands_5x5_open_star,
          nzn_winding_woodlands_5x15_pool,
          nzn_winding_woodlands_5x5_closed_star,
          nzn_winding_woodlands_center_diamonds,
          nzn_winding_woodlands_15x15_killbox,
          nzn_winding_woodlands_center_triple_pond,
          nzn_winding_woodlands_hourglass, nzn_winding_woodlands_5x15_longhouse,
          nzn_winding_woodlands_5x5_default], layout_cave_shapes, pan_entry,
          special_room [special_room_mythical_zoo],
          hangedman_abyss_or_decor_lesser_grid, hell_entry, serial_shops,
          nicolae_shop_just_a_little_nook, chequers_serial_rivers_micro_a,
          uniq_saint_roka
Depths:3: evilmike_pillar_path, layout_gridlike, enter_ziggurat_a,
          grunt_hell_horde, abyss_entry, rand_demon_pan_entry_4,
          serial_bayou_shore_b, uniq_margery, uniq_josephina, uniq_vv
Depths:4: grunt_x_marks_the_spot, layout_cave_pools, hellmouth_1
Zot:1:    layout_onion_interference, hangedman_player_shredder
Zot:2:    layout_basic, regret_index_zotdec_dark_gr
Zot:3:    layout_onion_interference, regret_index_zotdec_abyssal_star_handed
Zot:4:    dreamdust_zin_vs_xom, layout_gridlike,
          hangedman_zot_decor_checkerboard, uniq_parghit
Zot:5:    layout_gridlike

Action                     |  1- 3 |  4- 6 |  7- 9 | 10-12 | 13-15 | 16-18 | 19-21 | 22-24 | 25-27 || total
---------------------------+-------+-------+-------+-------+-------+-------+-------+-------+-------++-------
  Melee: Dagger            |    14 |       |    41 |       |       |       |       |       |       ||    55
         Club              |     1 |       |       |       |       |       |       |       |       ||     1
         Short sword       |    11 |    43 |    30 |       |       |       |       |       |       ||    84
         Whip              |     6 |       |       |       |       |       |       |       |       ||     6
         War axe           |       |    54 |    87 |       |       |       |       |       |       ||   141
         Sling             |       |       |       |     4 |     4 |       |       |       |       ||     8
         Hand cannon       |       |       |       |       |     4 |       |       |       |       ||     4
   Fire: Sling             |       |       |   304 |  1712 |   983 |  1088 |  1178 |  1599 |   132 ||  6996
         Hand cannon       |       |       |       |       |   911 |  1088 |  1178 |  1599 |  1310 ||  6086
  Throw: Dart              |       |     1 |     9 |    37 |     7 |     3 |       |       |       ||    57
   Cast: Freeze            |    61 |    24 |       |       |       |       |       |       |       ||    85
         Frozen Ramparts   |       |     9 |    31 |    90 |     2 |       |       |       |       ||   132
         Ozocubu's Armour  |       |       |    13 |    63 |     1 |       |       |       |       ||    77
 Invoke: Heroism           |       |       |       |     2 |     1 |     3 |     3 |     1 |       ||    10
         Receive Weapon    |       |       |       |       |     1 |       |       |       |       ||     1
         Receive Armour    |       |       |       |       |     1 |       |       |       |       ||     1
         Finesse           |       |       |       |       |     4 |    10 |     7 |    16 |     9 ||    46
Ability: Invent Gizmo      |       |       |       |       |     1 |       |       |       |       ||     1
  Evoke: Wand              |       |       |     2 |    18 |       |     3 |     1 |     1 |     2 ||    27
    Use: Scroll            |     1 |     8 |     7 |    11 |     8 |    11 |     5 |     3 |    18 ||    72
         Potion            |       |       |       |     1 |     3 |     2 |       |       |     8 ||    14
   Stab: Sleeping          |     1 |     2 |       |       |       |       |       |       |       ||     3
         Distracted        |       |       |     1 |       |       |       |       |       |       ||     1
 Armour: Robe              |    10 |       |    96 |   357 |   150 |   125 |       |       |       ||   738
         Leather armour    |    32 |    48 |     7 |       |       |       |    88 |   167 |    80 ||   422
         Quicksilver drago |       |       |       |       |       |    51 |    73 |       |       ||   124
  Dodge: Dodged            |    30 |    33 |    78 |   346 |   245 |   186 |   294 |   415 |   248 ||  1875
